 Dungeon Crawl Stone Soup version 0.23.2 (webtiles) character file.

Game seed: 9238376306057854975

326 Borgoz the Skirmisher (level 6, 0/38 HPs)
             Began as a Gargoyle Fighter on Apr 9, 2019.
             Slain by a kobold
             ... wielding a +1 dagger of distortion
              (19 damage)
             ... in a sewer.
             The game lasted 00:03:08 (2583 turns).

Borgoz the Skirmisher (Gargoyle Fighter)            Turns: 2583, Time: 00:03:09

Health: 0/38       AC: 12    Str: 19    XL:     6   Next: 49%
Magic:  7/7        EV: 10    Int:  9    God:
Gold:   100        SH:  0    Dex: 11    Spells: 5/5 levels left

rFire    . . .     SeeInvis .   a - +0 rapier
rCold    . . .     Gourm    .   (no shield)
rNeg     + . .     Faith    .   b - +0 scale mail
rPois    ∞         Spirit   .   (no helmet)
rElec    +         Reflect  .   (no cloak)
rCorr    .         Harm     .   (no gloves)
MR       .....                  j - +0 pair of boots
Stlth    ..........             l - amulet of rage
HPRegen  0.12/turn              (no ring)
MPRegen  0.10/turn              (no ring)

@: no status effects
A: negative energy resistance 1, electricity resistance, unbreathing,
petrification resistance, rot immunity, AC +4
a: Evoke Berserk Rage


You were in a sewer.
You were not hungry.

You visited 1 branch of the dungeon, and saw 3 of its levels.
You also visited: Sewer.

You collected 100 gold pieces.

Inventory:

Hand Weapons
 a - a +0 rapier (weapon)
 u - a +0 rapier
Armour
 b - a +0 scale mail (worn)
 c - a +0 shield
 j - a +0 pair of boots (worn)
Jewellery
 l - an amulet of rage (around neck)
Scrolls
 g - a scroll of random uselessness {unknown}
 h - a scroll of blinking {unknown}
 i - 2 scrolls of enchant armour {unknown}
 k - 3 scrolls of remove curse {unknown}
 m - 8 scrolls of identify {unknown}
Potions
 d - a potion of might
 e - a potion of flight {unknown}
 n - 2 potions of haste {unknown}
 o - 2 potions of cancellation {unknown}
 p - 2 potions of lignification {unknown}
 q - a potion of resistance {unknown}
 r - a potion of heal wounds {unknown}
 s - a potion of invisibility {unknown}
 t - a potion of curing {unknown}
Comestibles
 f - 6 rations
 v - a chunk of flesh


   Skills:
 + Level 4.1 Fighting
 * Level 3.2 Short Blades
 + Level 3.9 Armour
 * Level 2.2 Dodging
 + Level 2.0 Stealth
 - Level 3.2 Shields
 * Level 2.2 Evocations


You had 5 spell levels left.
You didn't know any spells.
Your spell library was empty.

Dungeon Overview and Level Annotations

Branches:
Dungeon (3/15)

Altars:
Sif Muna


Innate Abilities, Weirdness & Mutations

You are resistant to torment.
Your stone body is resilient. (AC +4)
You are immune to poison.
You resist negative energy. (rN+)
You are resistant to electric shocks. (rElec)
You can survive without breathing.
You are immune to petrification.
You are immune to rotting.


Message History

The kobold throws a stone.
The stone barely misses you.
The kobold splashes around in the water.
You barely miss the kobold. The kobold hits you but does no damage.
Space warps horribly around you!!
Ouch! That really hurt!
You are too injured to fight recklessly!
You are too injured to fight recklessly!
You are too injured to fight recklessly!
You are too injured to fight recklessly!
Unknown command.
You are too injured to fight recklessly!
You are too injured to fight recklessly!
Your unstable footing causes you to fumble your attack.
The kobold splashes around in the water.
Your unstable footing causes you to fumble your attack.
The kobold hits you but does no damage.
You blink.
You closely miss the kobold. The kobold hits you but does no damage.
Space warps horribly around you!!
Ouch! That really hurt!
You die...

.≈≈P...≈# ≈≈P≈...≈#≈#
.P......#≈#
.≈.≈..K≈#≈###### #≈##
P≈.≈≈.≈.#≈#≈.#!#.PP..#
.≈.≈≈≈≈≈KPP.≈#≈#..P..#
..≈≈≈≈.≈K..≈.#≈#≈....#
≈≈..≈.≈@K...≈#≈#≈≈.≈.#
.≈≈≈≈.#≈#§((≈#≈#.≈≈.#
≈≈.## #≈##.≈(≈≈≈.≈≈# .
#≈#####(.≈≈..## #≈#
##...≈≈.## #≈#
###.)†..# #≈#
########.P.# .≈#
≈≈≈≈≈≈≈≈P..#
########...#


You could see 4 kobolds.

Vanquished Creatures
  A phantom (D:3)
  2 orc priests (D:3)
  3 gnolls (D:2)
  3 adders
  3 river rats (D:3)
  An ooze (D:1)
  A worm (D:3)
  A dart slug (D:1)
  3 leopard geckos
  5 orcs (D:3)
  6 giant cockroaches
  5 goblins
  5 hobgoblins
  7 jackals
  9 kobolds
  A quokka (D:2)
  2 ball pythons
  9 bats
  3 frilled lizards
  15 rats
85 creatures vanquished.

Notes
Turn   | Place    | Note
-------+----------+-------------------------------------------
     0 | D:1      | Borgoz the Gargoyle Fighter began the quest for the Orb.
     0 | D:1      | Reached XP level 1. HP: 14/14 MP: 1/1
    94 | D:1      | Reached XP level 2. HP: 18/19 MP: 2/2
   272 | D:1      | Reached XP level 3. HP: 23/23 MP: 3/3
   768 | D:2      | Reached skill level 1 in Dodging
  1067 | D:2      | Reached XP level 4. HP: 21/29 MP: 4/4
  1150 | D:2      | Reached skill level 1 in Stealth
  1151 | D:2      | Reached skill level 1 in Evocations
  1436 | D:2      | Found a deep blue altar of Sif Muna.
  1957 | D:3      | Reached XP level 5. HP: 32/33 MP: 6/6
  2416 | D:3      | Noticed a phantom
  2433 | D:3      | Killed a phantom
  2433 | D:3      | Reached skill level 4 in Fighting
  2433 | D:3      | Reached XP level 6. HP: 34/38 MP: 7/7
  2545 | D:3      | Found a glowing drain.
  2554 | Sewer    | Entered a sewer
  2583 | Sewer    | Slain by a kobold

Skill      XL: |  1  2  3  4  5 |
---------------+----------------+-----
Short Blades   | 2 3 |  3.2
Dodging        | 1 2 |  2.2
Stealth        | 1 2 |  2.0
Evocations     | 1 2 |  2.2
Fighting       | 4 |  4.1
Armour         | |  3.9
Shields        | |  3.2

Action                   |  1- 3 |  4- 6 || total
-------------------------+-------+-------++-------
Melee: Rapier            |   116 |   221 ||   337
  Eat: Chunk             |     1 |     5 ||     6
Armor: Scale mail        |    81 |   143 ||   224
Dodge: Dodged            |    68 |   129 ||   197
